AoeStats
← 牛油果

Lombardia

509175718Analyzed
4v4 RM · 7d ago on Sep 25, 2026· 52m 29s· 8 players
Game mode
Random Map
Map size
Large (8 player)
Population
200
Speed
Normal
Resources
Standard
Victory
Conquest
Starting age
Dark Age
Ending age
Imperial Age
RankedLock teamsTeams togetherTeam positionsShared explorationLock speedFull tech treeHidden civsTurbo modeCheats
Victory
Defeat
🇭🇰 Bengalis · Hong Kong SAR China
1583
+16
🇭🇰 Britons · Hong Kong SAR China
1484
+20
🇭🇰 Mongols · Hong Kong SAR China
1482
+20
🇭🇰 Spanish · Hong Kong SAR China
1464
+22
🇫🇷 Berbers · France
1618
-20
🇩🇪 Ethiopians · Germany
1584
-20
🇬🇧 Burgundians · United Kingdom
1572
-19
🇩🇪 Portuguese · Germany
1557
-19
JN-
4:49 Double-Bit Axe
11:40 Feudal Age
10:30 Horse Collar
15:29 Castle Age
14:31 Bow Saw
14:41 Heavy Plow
21:30 Wheelbarrow
22:16 Two-Man Saw
22:33 Stone Mining
24:30 Gold Mining
25:43 Gold Shaft Mining
25:46 Stone Shaft Mining
26:14 Hand Cart
26:03 Loom
26:03 Town Watch
27:05 Scale Barding Armor
31:10 Imperial Age
29:17 Chain Barding Armor
29:08 Forging
29:21 Burgundian Vineyards
30:00 Forging
30:04 Caravan
30:25 Treadmill Crane
30:55 Masonry
31:48 Iron Casting
31:47 Guilds
32:52 Chemistry
31:56 Husbandry
32:41 Plate Barding Armor
33:28 Blast Furnace
32:55 Conscription
33:11 Ballistics
32:33 Elite Coustillier
33:48 Fletching
35:35 Crop Rotation
35:43 Hoardings
36:40 Blast Furnace
36:03 Bodkin Arrow
37:03 Architecture
36:43 Fortified Wall
36:54 Ballistics
37:41 Scale Mail Armor
37:42 Bracer
38:49 Chain Mail Armor
38:35 Squires
37:55 Pikeman
38:22 Arson
40:00 Murder Holes
40:27 Bombard Tower
40:47 Plate Mail Armor
40:09 Capped Ram
40:37 Halberdier
44:11 Coinage
43:37 Cavalier
44:39 Padded Archer Armor
45:03 Light Cavalry
46:56 Hussar
50:21 Banking
ElMaestro
9:08 Loom
10:58 Feudal Age
12:28 Double-Bit Axe
14:58 Castle Age
12:46 Horse Collar
16:28 Bow Saw
21:57 Wheelbarrow
21:50 Heavy Plow
22:04 Stone Mining
25:03 Hand Cart
28:06 Imperial Age
25:58 Fletching
26:10 Padded Archer Armor
26:31 Ballistics
27:24 Bodkin Arrow
28:24 Bloodlines
28:14 Husbandry
28:21 Thumb Ring
28:57 Bracer
29:59 Chemistry
29:26 Elite Camel Archer
31:02 Leather Archer Armor
31:44 Maghrebi Camels
32:00 Gold Mining
33:11 Ring Archer Armor
34:03 Conscription
33:55 Masonry
34:12 Caravan
37:14 Siege Engineers
39:49 Hoardings
45:41 Coinage
45:22 Guilds
51:04 Stone Shaft Mining
Sternburg Export
7:26 Loom
9:51 Feudal Age
10:29 Double-Bit Axe
17:58 Wheelbarrow
20:32 Castle Age
18:43 Scale Barding Armor
19:04 Gold Mining
18:56 Horse Collar
24:00 Scale Barding Armor
26:15 Masonry
26:54 Sanctity
31:13 Imperial Age
28:46 Stone Mining
29:38 Town Watch
30:35 Padded Archer Armor
30:20 Treadmill Crane
31:07 Bow Saw
32:13 Leather Archer Armor
33:30 Hand Cart
33:48 Ring Archer Armor
35:29 Coinage
36:31 Chemistry
35:53 Fletching
36:06 Scale Mail Armor
36:25 Elite Genitour
37:28 Heavy Plow
37:51 Fletching
38:51 Bodkin Arrow
39:16 Fortified Wall
39:47 Pikeman
41:20 Bombard Tower
41:05 Bracer
41:23 Chain Mail Armor
40:30 Halberdier
42:35 Plate Mail Armor
42:39 Bracer
43:13 Architecture
44:04 Forging
45:33 Thumb Ring
46:39 Conscription
46:19 Arquebus
47:25 Iron Casting
DonDanileau
10:04 Feudal Age
13:40 Castle Age
13:08 Double-Bit Axe
13:06 Horse Collar
20:42 Bow Saw
20:33 Heavy Plow
23:49 Wheelbarrow
23:04 Town Watch
23:22 Gold Mining
26:56 Imperial Age
24:54 Fletching
25:29 Bodkin Arrow
26:02 Ballistics
26:00 Thumb Ring
27:14 Padded Archer Armor
27:43 Bracer
28:55 Chemistry
29:07 Leather Archer Armor
29:42 Hand Cart
31:01 Ring Archer Armor
31:02 Elite Genitour
31:39 Crossbowman
32:17 Loom
33:13 Arbalester
37:14 Elite Skirmisher
38:27 Torsion Engines
41:08 Squires
41:19 Caravan
44:06 Siege Engineers
45:52 Coinage
47:57 Scale Mail Armor
47:26 Halberdier
49:51 Chain Mail Armor
49:46 Forging
51:45 Banking
牛油果
8:42 Loom
11:34 Feudal Age
15:10 Castle Age
13:31 Double-Bit Axe
14:29 Horse Collar
16:18 Bow Saw
17:54 Heavy Plow
19:45 Wheelbarrow
24:26 Hand Cart
25:17 Caravan
27:22 Scale Barding Armor
27:28 Forging
31:37 Imperial Age
29:48 Chain Barding Armor
30:09 Husbandry
30:20 Bloodlines
30:26 Stone Mining
31:40 Iron Casting
31:46 Gold Mining
31:38 Elite Battle Elephant
33:21 Two-Man Saw
32:53 Crop Rotation
33:08 Plate Barding Armor
34:46 Blast Furnace
34:10 Conscription
34:11 Paiks
35:48 Gold Shaft Mining
38:58 Light Cavalry
47:46 Guilds
48:06 Coinage
48:40 Mahayana
局長
7:45 Loom
11:31 Feudal Age
16:12 Castle Age
13:59 Double-Bit Axe
14:22 Horse Collar
17:38 Bow Saw
17:54 Padded Archer Armor
23:27 Husbandry
27:17 Leather Archer Armor
29:04 Wheelbarrow
30:06 Gold Mining
30:08 Stone Mining
30:39 Heavy Plow
34:41 Imperial Age
32:42 Bloodlines
32:24 Town Watch
33:35 Hand Cart
33:42 Scale Barding Armor
33:47 Forging
35:33 Chain Barding Armor
35:50 Iron Casting
35:42 Conscription
34:44 Cavalier
37:14 Plate Barding Armor
37:03 Paladin
40:20 Blast Furnace
40:01 Caravan
44:04 Chemistry
44:37 Ring Archer Armor
45:09 Capped Ram
46:01 Siege Ram
49:12 Light Cavalry
evi
7:10 Loom
10:21 Feudal Age
12:46 Scale Barding Armor
13:29 Double-Bit Axe
22:40 Castle Age
24:19 Wheelbarrow
23:54 Bow Saw
23:28 Horse Collar
23:52 Caravan
26:43 Hand Cart
27:04 Fletching
30:56 Bodkin Arrow
35:44 Imperial Age
33:24 Padded Archer Armor
33:15 Gold Mining
34:55 Leather Archer Armor
35:26 Ballistics
35:50 Elite Mangudai
37:00 Parthian Tactics
37:09 Bracer
37:20 Thumb Ring
38:37 Chemistry
38:49 Chain Barding Armor
38:39 Forging
39:05 Gold Shaft Mining
38:21 Stone Mining
38:58 Bloodlines
38:49 Husbandry
39:15 Light Cavalry
40:26 Masonry
39:47 Onager
40:53 Conscription
42:26 Siege Onager
43:52 Iron Casting
44:32 Fortified Wall
47:29 Heavy Plow
47:05 Hussar
49:15 Drill
馬仔
1:26 Loom
10:57 Feudal Age
13:03 Double-Bit Axe
13:11 Gold Mining
18:28 Castle Age
17:09 Stone Mining
19:12 Fletching
24:07 Wheelbarrow
23:34 Horse Collar
25:35 Crossbowman
26:48 Bodkin Arrow
28:10 Bow Saw
29:21 Fortified Wall
29:33 Ballistics
34:13 Imperial Age
31:58 Padded Archer Armor
32:32 Caravan
34:00 Masonry
33:49 Town Watch
34:26 Leather Archer Armor
34:17 Heavy Plow
34:55 Gold Shaft Mining
35:57 Chemistry
35:19 Conscription
35:38 Elite Longbowman
36:49 Hand Cart
36:40 Bracer
38:10 Two-Man Saw
39:42 Coinage
38:59 Cranequins
41:37 Yeomen
41:22 Pikeman
42:03 Squires
41:48 Gambesons
42:36 Ring Archer Armor
42:06 Scale Mail Armor
42:18 Forging
43:24 Halberdier
43:50 Arson
44:21 Chain Mail Armor
44:37 Man-at-Arms
45:56 Iron Casting
47:25 Capped Ram
49:27 Long Swordsman
50:09 Two-Handed Swordsman
51:03 Champion
53:01 Plate Mail Armor
53:32 Blast Furnace
Connection lost

Rejoining the realm…

Still unreachable

The connection could not be restored.

Session expired

The server has moved on; the page needs a fresh start.